 Dungeon Crawl Stone Soup version 0.27.1-1-g398f81649c (webtiles) character file.

Game seed: 11282864162393939608

22228 HenryVIII the Severer (level 12, -12/174 HPs)
             Began as a Minotaur Berserker on Sept 13, 2021.
             Was an Elder of Trog.
             Mangled by an orc warrior (14 damage)
             ... on level 2 of the Orcish Mines on Sept 14, 2021.
             The game lasted 02:15:41 (23529 turns).

HenryVIII the Severer (Minotaur Berserker)         Turns: 23529, Time: 02:15:45

Health: -12/174    AC: 26    Str: 26    XL:     12   Next: 61%
Magic:  11/11      EV:  2    Int:  4    God:    Trog [****..]
Gold:   1723       SH:  0    Dex: 11    Spells: 11/11 levels left

rFire    . . .     SeeInvis .   a - +5 battleaxe
rCold    . . .     Faith    .   (shield currently unavailable)
rNeg     + + +     Spirit   .   (armour currently unavailable)
rPois    +         Reflect  .   (helmet currently unavailable)
rElec    .         Harm     .   (cloak currently unavailable)
rCorr    +         Rampage  .   (gloves currently unavailable)
Will     +....     NoTele   +   (boots currently unavailable)
Stlth    +.........             (no amulet)
HPRegen  0.39/turn              y - ring of resist corrosion
MPRegen  0.12/turn              Y - ring of willpower

@: lethally poisoned (-12 -> -15), tree-form
A: stationary, stasis, torment immunity, boosted hp, (horns 2), (retaliatory
headbutt)
a: Renounce Religion, Berserk, Trog's Hand, Brothers in Arms


You were on level 2 of the Orcish Mines.
You worshipped Trog.
Trog was greatly pleased with you.
You were a tree.
You visited 4 branches of the dungeon, and saw 17 of its levels.

You collected 2071 gold pieces.
You spent 348 gold pieces at shops.

Inventory:

Hand Weapons
 a - a +5 battleaxe (weapon)
 b - a +0 hunting sling
 j - a +2 shortbow of freezing
 r - a +2 shortbow of flaming
 u - a +3 hand crossbow of freezing
Missiles
 c - 442 arrows
 d - 282 bolts
 g - 305 stones
 Q - 6 silver boomerangs
 S - 14 boomerangs (quivered)
Armour
 h - a +2 robe of cold resistance
 q - a scarf of repulsion (melded)
 w - a +0 chain mail (melded)
 E - +0 acid dragon scales
 K - a +0 plate armour
 L - a +0 pair of boots (melded)
 M - a +0 cloak
 N - a +2 pair of gloves (melded)
 W - a scarf of invisibility
Jewellery
 y - a ring of resist corrosion (left branch)
 V - a ring of magical power
 Y - a ring of willpower (right branch)
Wands
 o - a wand of mindburst (24)
 x - a wand of iceblast (21)
 A - a wand of flame (55)
 B - a wand of polymorph (6)
 D - a wand of acid (12)
 F - a wand of paralysis (11)
 H - a wand of digging (3)
 R - a wand of charming (10)
Scrolls
 f - 4 scrolls of magic mapping
 k - a scroll of fear {unknown}
 l - 7 scrolls of teleportation
 z - a scroll of summoning {unknown}
 C - a scroll of fog
 I - a scroll of acquirement {unknown}
 J - a scroll of immolation
 O - a scroll of vulnerability {unknown}
 T - a scroll of brand weapon {unknown}
 X - a scroll of enchant weapon {unknown}
 Z - a scroll of blinking {unknown}
Potions
 e - 2 potions of lignification
 i - 2 potions of mutation
 m - a potion of resistance
 n - 4 potions of curing
 p - 3 potions of brilliance
 s - 3 potions of haste
 G - a potion of flight
 P - a potion of magic
 U - a potion of might
Miscellaneous
 t - a phial of floods


   Skills:
 + Level 13.9 Fighting
 * Level 18.3 Axes
 - Level 1.7(2.0) Slings
 - Level 1.0(1.4) Throwing
 - Level 8.0 Armour
 - Level 3.0 Dodging
 - Level 1.0 Evocations


You had 11 spell levels left.
You didn't know any spells.
Your spell library contained the following spells:

 Spells                   Type           Power      Damage    Failure   Level
 Foxfire                  Conj/Fire      0%         2x1d4     50%         1
 Sandblast                Erth           0%         2d4       50%         1
 Corpse Rot               Necr/Air       N/A        N/A       65%         2
 Ensorcelled Hibernation  Hex/Ice        0%         N/A       65%         2
 Poisonous Vapours        Pois/Air       0%         N/A       65%         2
 Conjure Flame            Conj/Fire      0%         6-21      86%         3
 Inner Flame              Hex/Fire       0%         N/A       86%         3
 Spider Form              Tmut/Pois      0%         N/A       86%         3
 Passage of Golubria      Tloc           N/A        N/A       99%         4
 Freezing Cloud           Conj/Ice/Air   0%         6-21      100%        5
 Silence                  Hex/Air        0%         N/A       100%        5
 Summon Forest            Summ/Tloc      0%         N/A       100%        5
 Eringya's Noxious Bog    Tmut/Pois      0%         N/A       100%        6
 Shadow Creatures         Summ           N/A        N/A       100%        6
 Summon Hydra             Summ           0%         N/A       100%        7
 Lehudib's Crystal Spear  Conj/Erth      0%         10d2      100%        8


Dungeon Overview and Level Annotations

Branches:
Dungeon (13/15)            Temple (1/1) D:6             Orc (2/2) D:9
    Elf (1/3) Orc:2
   Lair: D:8-11      Vaults: D:13-14

Altars:
Ashenzari
Cheibriados
Dithmenos
Elyvilon
Fedhas
Gozag
Hepliaklqana
Kikubaaqudgha
Makhleb
Nemelex Xobeh
Okawaru
Qazlal
Ru
Sif Muna
Trog
Uskayaw
Vehumet
Wu Jian
Xom
Yredelemnul
Zin
The Shining One

Shops:
D:5 [   D:8 *   Orc:2 ?!?*

Portals:
Trove: D:12 (give 6 scrolls of fog)


Innate Abilities, Weirdness & Mutations

You are a tree.
Your roots penetrate the ground, keeping you stationary.
You cannot be teleported.
You are immune to unholy pain and torment.
Your maximum health is greatly increased.
Your equipment is partially melded.
((You have a pair of horns on your head.))
((You reflexively headbutt those who attack you in melee.))


Message History

You feel very sick.
The orc warrior shoots a bolt.
The bolt misses you.
The orc warrior shoots a bolt.
The bolt barely misses you.
You feel very sick.
The orc warrior shoots a bolt.
The bolt hits you but does no damage.
The orc warrior shoots a bolt.
The bolt hits you!
* * * LOW HITPOINT WARNING * * *
You feel better.
The orc warrior hits you from afar with a +1 trident of venom!
* * * LOW HITPOINT WARNING * * *
You are poisoned.
You feel much better.
You feel very sick. The orc warrior closely misses you.
The orc warrior shoots a bolt.
The bolt closely misses you.
The bolt hits the orc warrior!!
The orc warrior shoots a bolt.
The bolt hits you.
* * * LOW HITPOINT WARNING * * *
You feel sick.
The orc warrior shoots a bolt.
The bolt hits you!!
* * * LOW HITPOINT WARNING * * *
The orc warrior shoots a bolt.
The bolt barely misses you.
You feel sick.
The orc warrior shoots a bolt.
The bolt closely misses you.
The orc warrior shoots a bolt.
The bolt hits you!
* * * LOW HITPOINT WARNING * * *
Really quaff the potion of lignification?
Uppercase [Y]es or [N]o only, please.
Really quaff the potion of lignification?
You turn into a tree.
Your scarf of repulsion melds into your body.
Your +2 pair of gloves melds into your body.
Your +0 pair of boots melds into your body.
Your +0 chain mail melds into your body.
The haze of the repulsion field disappears.
Your roots penetrate the ground.
* * * LOW HITPOINT WARNING * * *
You feel sick.
The orc warrior hits you from afar with a +1 trident of venom.
* * * LOW HITPOINT WARNING * * *
The orc warrior shoots a bolt.
The bolt hits you but does no damage.
The orc warrior hits you with a +0 flail!
You die...

# # # ###### ## #### #..∩.## #.
8.8# ###.....# ##. .⌠.##
##.#..^..## ##.. ∩.8.##
#.........# #####... .⌠...#
#......o..# #..<..[. 8.8..##
###.........## ###[[[.. ......#
#.##....♣....## #)!....
......###.#....#o.o...#####).....
......##.(.....#.......##.....##.
#......[[<)..o.##........)....##.
#......[.$.(...###[..........####
###...o....#..###.............#
###...o....#### ###..o.......## #
#.##.o...)o#.# ####..........## #
#..........c.###..............###


You could see 4 orc warriors.

Vanquished Creatures
  Josephine (D:11)
  The ghost of BOMJPIETVODKU the Geomancer, a journeyman OpEE of Vehumet (D:12)
  A two-headed ogre (D:9)
  A death yak (D:11)
  A deep elf knight (Orc:2)
  A skeletal warrior (D:10)
  A deep elf archer (Orc:2)
  Pikel (D:7)
  2 orc knights (Orc:1)
  A cyclops (D:13)
  A manticore (D:12)
  2 centaur zombies
  A gargoyle (D:10)
  Maggie (D:6)
  An unseen horror (shapeshifter) (D:7)
  An unseen horror (D:11)
  A kobold demonologist (D:12)
  5 trolls
  2 hornets
  2 slime creatures (D:12)
  A meliai zombie (D:10)
  2 wyverns
  A vampire (D:11)
  5 wraiths
  14 yaks
  A basilisk (D:11)
  2 wargs
  2 water moccasins
  An acid dragon (D:8)
  An ice beast (D:6)
  21 orc warriors
  2 sky beasts
  A black bear (D:5)
  3 ogres
  14 centaurs
  2 lemures (D:7)
  4 kobold brigands
  Blork the orc (D:6)
  2 scorpions
  2 water moccasin skeletons (D:4)
  6 killer bees (D:7)
  3 electric eels (D:10)
  7 wights
  3 howler monkeys
  A bullfrog zombie (D:6)
  5 hounds
  7 orc priests
  2 centaur skeletons
  Ijyb (D:3)
  18 orc wizards
  An iguana (D:5)
  A howler monkey zombie (D:8)
  2 howler monkey skeletons
  8 adders
  7 gnolls
  2 shadow imps
  3 white imps
  An ufetubus (D:5)
  An adder skeleton (D:4)
  3 worms
  4 dart slugs
  72 orcs
  4 bats (D:1)
  8 endoplasms
  2 giant cockroaches
  16 goblins
  5 hobgoblins
  3 jackals (D:3)
  25 kobolds
  2 quokkas (D:1)
  9 ball pythons
  5 frilled lizards
  3 rats
350 creatures vanquished.

Vanquished Creatures (collateral kills)
  Snorg (D:11)
  The ghost of flestrin the Spear-Bearer, a journeyman MfGl of Uskayaw (D:11)
  An orc sorcerer (Orc:1)
  A troll (Orc:1)
4 creatures vanquished.

Vanquished Creatures (others)
  A plant (D:1)
1 creature vanquished.

Grand Total: 355 creatures vanquished

Notes
Turn   | Place    | Note
-------+----------+-------------------------------------------
     0 | D:1      | HenryVIII the Minotaur Berserker began the quest for the
                  | Orb.
     0 | D:1      | Reached XP level 1. HP: 19/19 MP: 0/0
   180 | D:1      | Found a faded altar of an unknown god.
   198 | D:1      | Got Plato's Volume of Stones
   261 | D:1      | Reached XP level 2. HP: 22/27 MP: 1/1
   346 | D:1      | Reached skill level 4 in Axes
   668 | D:1      | Reached ** piety under Trog
   669 | D:1      | Reached XP level 3. HP: 34/34 MP: 2/2
  1223 | D:2      | Reached skill level 1 in Throwing
  1227 | D:2      | Reached skill level 5 in Fighting
  1230 | D:2      | Reached XP level 4. HP: 42/42 MP: 3/3
  2138 | D:3      | Reached XP level 5. HP: 50/50 MP: 4/4
  2358 | D:5      | Entered Level 5 of the Dungeon
  2406 | D:3      | Reached skill level 1 in Slings
  2463 | D:3      | Found a basalt altar of Yredelemnul.
  2463 | D:3      | Found a shadowy altar of Dithmenos.
  2469 | D:3      | Found a shimmering blue altar of Sif Muna.
  2471 | D:3      | Found an ancient bone altar of Kikubaaqudgha.
  2473 | D:3      | Found an iron altar of Okawaru.
  2969 | D:3      | Noticed Ijyb
  2997 | D:3      | Killed Ijyb
  2997 | D:3      | Reached *** piety under Trog
  3814 | D:4      | Reached XP level 6. HP: 50/58 MP: 5/5
  3926 | D:4      | Reached skill level 5 in Axes
  4067 | D:5      | Noticed a sky beast
  4641 | D:5      | Reached skill level 6 in Axes
  4641 | D:5      | Reached XP level 7. HP: 61/67 MP: 6/6
  4894 | D:5      | Reached skill level 7 in Axes
  5036 | D:5      | You fall into a shaft and drop 2 floors!
  5277 | D:6      | Noticed Maggie
  5588 | D:7      | Noticed Pikel
  5610 | D:7      | Killed Pikel
  5611 | D:7      | Reached skill level 9 in Axes
  5611 | D:7      | Reached XP level 8. HP: 78/78 MP: 7/7
  6189 | D:6      | Reached skill level 10 in Axes
  6251 | D:6      | Killed Maggie
  6252 | D:6      | Reached XP level 9. HP: 85/85 MP: 8/8
  6393 | D:7      | Reached skill level 10 in Fighting
  6409 | D:7      | Reached **** piety under Trog
  6460 | D:8      | Paralysed by a hornet for 2 turns
  6467 | D:7      | Reached skill level 5 in Armour
  6470 | D:7      | Reached skill level 11 in Axes
  7278 | D:6      | Noticed Blork the orc
  7287 | D:6      | Killed Blork the orc
  7465 | D:6      | Found a staircase to the Ecumenical Temple.
  7474 | Temple   | Entered the Ecumenical Temple
  7875 | D:5      | Found a sparkling altar of Nemelex Xobeh.
  8379 | D:5      | Found Keduenoj's Armour Emporium.
  8387 | D:5      | Bought a +0 pair of boots for 45 gold pieces
  8387 | D:5      | Bought a +0 cloak for 45 gold pieces
  8566 | D:8      | Found Myick's Neck Hole.
  8596 | D:9      | Reached skill level 12 in Axes
  9550 | D:8      | Noticed a polar bear
  9550 | D:8      | a human changed into a polar bear
  9553 | D:8      | Noticed a guardian serpent
  9553 | D:8      | a polar bear changed into a guardian serpent
  9558 | D:8      | a guardian serpent changed into a tarantella
  9573 | D:7      | Killed an unseen horror
  9574 | D:7      | Reached XP level 10. HP: 95/95 MP: 9/9
 10021 | D:8      | Bought a scarf of invisibility for 168 gold pieces
 10148 | D:8      | Reached skill level 13 in Axes
 10702 | D:9      | Noticed a two-headed ogre
 10711 | D:9      | Killed a two-headed ogre
 11034 | D:9      | Reached skill level 14 in Axes
 11389 | D:10     | Entered Level 10 of the Dungeon
 11617 | D:9      | Found a hide-covered altar of Uskayaw.
 11753 | D:9      | Found a glowing silver altar of Zin.
 12157 | D:9      | Found a staircase to the Orcish Mines.
 12162 | Orc:1    | Entered Level 1 of the Orcish Mines
 12162 | Orc:1    | Noticed an orc sorcerer
 12513 | D:10     | Noticed a gargoyle
 12524 | D:10     | Killed a gargoyle
 12705 | D:10     | Reached XP level 11. HP: 91/105 MP: 10/10
 12709 | D:10     | Reached ***** piety under Trog
 13489 | D:10     | Noticed a skeletal warrior
 13497 | D:10     | Killed a skeletal warrior
 13498 | D:10     | Reached skill level 15 in Axes
 13676 | D:10     | Paralysed by a hornet for 1 turns
 14797 | D:11     | Found a runed translucent door.
 14797 | D:11     | Noticed flestrin's ghost (journeyman MfGl)
 15140 | D:11     | Noticed a death yak
 15295 | Orc:1    | Noticed a sixfirhy
 15298 | Orc:1    | Killed an orc sorcerer
 15563 | Orc:1    | Noticed an orc knight
 15606 | Orc:1    | Killed an orc knight
 16163 | Orc:2    | Entered Level 2 of the Orcish Mines
 16381 | Orc:2    | Found Ihoatwom's Assorted Antiques.
 16538 | Orc:2    | Found a staircase to the Elven Halls.
 17061 | Elf:1    | Entered Level 1 of the Elven Halls
 17061 | Elf:1    | Noticed a deep elf zephyrmancer
 17061 | Elf:1    | Noticed a deep elf zephyrmancer
 17061 | Elf:1    | Noticed a deep elf zephyrmancer
 17061 | Elf:1    | Noticed a deep elf zephyrmancer
 17061 | Elf:1    | Noticed a deep elf archer
 17061 | Elf:1    | Noticed a deep elf knight
 17061 | Elf:1    | Noticed a deep elf archer
 17061 | Elf:1    | Noticed a deep elf knight
 17061 | Elf:1    | Noticed a deep elf pyromancer
 17061 | Elf:1    | Noticed a deep elf zephyrmancer
 17062 | Elf:1    | Noticed a deep elf zephyrmancer
 17062 | Elf:1    | Noticed a deep elf zephyrmancer
 17071 | Orc:2    | Killed a deep elf knight
 17424 | Orc:2    | Found Plog's Distillery.
 17425 | Orc:2    | Found Vismewao's Magic Scroll Shop.
 17441 | Orc:1    | Reached skill level 16 in Axes
 18243 | D:11     | Killed a death yak
 18305 | D:11     | Noticed Snorg
 18430 | D:11     | Noticed Josephine
 18436 | D:11     | Received a gift from Trog
 18444 | D:11     | Killed Josephine
 18445 | D:11     | Reached XP level 12. HP: 107/115 MP: 11/11
 19042 | D:13     | Reached skill level 17 in Axes
 19468 | D:12     | Reached skill level 1 in Evocations
 19584 | D:12     | Found a portal to a secret trove of treasure.
 19686 | D:12     | Found a runed translucent door.
 19687 | D:12     | Noticed BOMJPIETVODKU's ghost (journeyman OpEE)
 19696 | D:12     | Killed BOMJPIETVODKU's ghost
 19842 | D:11     | Killed Snorg
 19865 | D:11     | Killed flestrin's ghost
 20357 | Orc:2    | Found Muont's Magic Scroll Shoppe.
 20366 | Orc:2    | Bought a scroll of immolation for 35 gold pieces
 20450 | Orc:2    | Bought a potion of heal wounds for 55 gold pieces
 21752 | Orc:1    | Reached skill level 18 in Axes
 23528 | Orc:2    | HP: 2/116 [orc warrior/bolt (7)]
 23529 | Orc:2    | Mangled by an orc warrior

Illustrated notes

Levels and vault maps discovered:
D:1:      heliophobic_arrival_enchanted_forest, layout_basic,
          shapermc_ecumenical_altar_rom_forum, minmay_stone_trees_small,
          serial_park_tiny_2
D:2:      layout_rooms
D:3:      kennysheep_goblin_castle, layout_basic,
          chequers_temple_overflow_minitemple
D:4:      layout_basic, chequers_serial_rivers_marsh,
          chequers_serial_rivers_micro_e
D:5:      layout_basic, nemelex_dance_club_becter, serial_shops,
          nicolae_shop_temple_entry_statues_fountains,
          hangedman_abyss_or_decor_passed, minmay_misc_feat_four_crosses
D:6:      layout_basic, temple_hall, uniq_maggie, uniq_blork_the_orc
D:7:      layout_basic, uniq_pikel
D:8:      layout_gridville, eino_tiny_chamber, nicolae_shop_sticking_my_neck_out
D:9:      layout_loops_ring, mainiacjoe_overflow_catwalk, zin_treasury,
          hiddenorc1_lemuel
D:10:     layout_layer_cave, kennysheep_diamond, kennysheep_generic_room_7
D:11:     layout_roguey, dpeg_lair_monsters, gammafunk_ghost_grave,
          uniq_josephine, uniq_snorg
D:12:     layout_loops_ring, trove_entry_hex_spiral,
          ebering_ghost_reflecting_pool
D:13:     layout_loops_ring, david_vaults_4, fedhas_bush_and_centaur_altar
Temple:   minmay_temple_curvy_branch
Orc:1:    layout_caves, enter_bailey_3
Orc:2:    st_orc_rangers, layout_diamond_mine, serial_shops, nicolae_shop_trees,
          nicolae_diamond_shop, shop,
          nicolae_shop_temple_entry_statues_fountains, nicolae_orc_crystal_geode
Elf:1:    nicolae_elf_arrival_aired_out, layout_rooms,
          ebering_ghost_rock_garden, serial_shops, nicolae_shop_behind_doors,
          kennysheep_underground_church

Skill      XL: |  1  2  3  4  5  6  7  8  9 10 11 12 |
---------------+-------------------------------------+-----
Fighting       | 4 5 6 7 9 11 12 13 | 13.9
Axes           | 4 6 9 10 12 14 16 18 | 18.3
Throwing       | 1 |  1.0
Slings         | 1 |  1.7
Armour         | 4 5 8 |  8.0
Dodging        | 3 |  3.0
Evocations     | 1 |  1.0

Action                   |  1- 3 |  4- 6 |  7- 9 | 10-12 || total
-------------------------+-------+-------+-------+-------++-------
Melee: Hand axe          |    47 |   106 |   249 |   215 ||   617
       Headbutt          |     9 |    19 |    50 |    95 ||   173
       Battleaxe         |       |       |    31 |   293 ||   324
 Fire: Hunting sling     |       |    45 |    13 |    44 ||   102
Throw: Stone             |    30 |    37 |    45 |    67 ||   179
       Boomerang         |       |       |       |    35 ||    35
Invok: Berserk           |     2 |     2 |     8 |    15 ||    27
       Trog's Hand       |       |     1 |     1 |     3 ||     5
       Brothers in Arms  |       |       |       |     3 ||     3
Evoke: Wand              |       |       |     1 |     5 ||     6
  Use: Scroll            |       |    10 |     3 |     9 ||    22
       Potion            |       |     1 |       |     3 ||     4
 Stab: Paralysed         |       |       |     4 |       ||     4
       Distracted        |       |       |       |     1 ||     1
Armor: Animal skin       |     6 |    11 |       |       ||    17
       Scale mail        |       |     3 |       |       ||     3
       Chain mail        |       |    17 |    94 |   265 ||   376
       Plate armour      |       |       |    42 |    10 ||    52
       Skin              |       |       |       |     1 ||     1
Dodge: Dodged            |    30 |    57 |   131 |   332 ||   550
       Repelled          |       |       |     1 |     7 ||     8
